 Dungeon Crawl Stone Soup version 0.19.1 (webtiles) character file.

108 sveltemanboy the Conjurer (level 4, -1/24 HPs)
             Began as a Tengu Conjurer on Dec 2, 2016.
             Slain by a gnoll
             ... wielding a +0 club
              (5 damage)
             ... on level 3 of the Dungeon.
             The game lasted 00:06:01 (2285 turns).

sveltemanboy the Conjurer (Tengu Conjurer)          Turns: 2285, Time: 00:06:02

Health: -1/24      AC:  2    Str:  8    XL:     4   Next: 87%
Magic:  0/8        EV: 12    Int: 17    God:
Gold:   88         SH:  0    Dex: 14    Spells: 2 memorised, 4 levels left

rFire  . . .     SeeInvis .     d - +0 short sword (vamp)
rCold  . . .     Gourm    .     a - +0 robe
rNeg   . . .     Faith    .     (no shield)
rPois  .         Spirit   .     (helmet restricted)
rElec  .         Reflect  .     (no cloak)
rCorr  .         Harm     .     (no gloves)
MR     .....                    (boots unavailable)
Stlth  ++........               (no amulet)
                                (no ring)
                                (no ring)

@: no status effects
A: beak, talons 3
a: no special abilities


You were on level 3 of the Dungeon.
You were hungry.

You visited 1 branch of the dungeon, and saw 3 of its levels.

You collected 88 gold pieces.

Inventory:

Hand Weapons
 d - a +0 vampiric short sword (weapon)
Armour
 a - a +0 robe (worn)
Scrolls
 e - 2 scrolls of identify {unknown}
 j - 2 scrolls of magic mapping {unknown}
 m - a scroll of remove curse
 p - a scroll of teleportation {unknown}
Potions
 c - a potion of agility {unknown}
 f - a potion of mutation {unknown}
 g - a potion of flight {unknown}
 h - 2 potions of curing {unknown}
 n - a potion of degeneration {unknown}
 o - a potion of heal wounds {unknown}
Books
 b - a book of Conjurations

   Spells                             Type                      Level
   a - Magic Dart                     Conjuration                  1
   b - Searing Ray                    Conjuration                  2
   c - Dazzling Spray                 Conjuration/Hexes            3
   d - Fulminant Prism                Conjuration/Hexes            4
   e - Iskenderun's Mystic Blast      Conjuration                  4
   f - Iskenderun's Battlesphere      Conjuration/Charms           5
Comestibles
 i - 2 meat rations
 k - 3 fruits
 l - a beef jerky
 q - a chunk of flesh


   Skills:
 + Level 2.1 Short Blades
 - Level 2.1 Dodging
 - Level 2.0 Stealth
 - Level 2.0 Spellcasting
 * Level 7.4 Conjurations


You had 4 spell levels left.
You knew the following spells:

 Your Spells              Type           Power        Failure   Level  Hunger
a - Magic Dart            Conj           ####         1%          1    #......
b - Searing Ray           Conj           ####..       1%          2    ###....


Dungeon Overview and Level Annotations

Branches:
Dungeon (3/15)

Altars:
Fedhas
Hepliaklqana
Trog
Uskayaw


Innate Abilities, Weirdness & Mutations

You have a beak for a mouth.
You have claws for feet.


Message History

The gnoll is moderately wounded.
The gnoll hits you with a club.
* * * LOW HITPOINT WARNING * * *
Casting: Magic Dart
Confirm with . or Enter, or press ? or * to list all spells.
Aiming: Magic Dart
Press: ? - help, Shift-Dir - straight line, f/p - gnoll
Aim: a gnoll, wielding a club (moderately wounded)
The magic dart hits the gnoll.
The gnoll is heavily wounded.
The gnoll misses you.
Casting: Magic Dart
Confirm with . or Enter, or press ? or * to list all spells.
Aiming: Magic Dart
Press: ? - help, Shift-Dir - straight line, f/p - gnoll
Aim: a gnoll, wielding a club (heavily wounded)
The magic dart hits the gnoll.
The gnoll is severely wounded.
The gnoll hits you with a club.
You die...

#....<.........o.......o
#............o..........
#...)........g.ogo......
#.......................
#............g.........o
##....#..og............
#..#######o####....... ##.## #g#
....### #..########@# #.##.# #
#.###.......##........ .# .. #.#
#...........# ..# .# ..
##.###...........# #.##.# # ...
#..##........########.#..#.#
...##.##..<............##...#..#
.........#.......####(........###
......########...####...........#
..P.P.# #####...##...........#


You could see 2 gnolls and 2 orcs.

Vanquished Creatures
  2 gnolls (D:3)
  An adder (D:2)
  4 oozes
  2 worms (D:2)
  2 dart slugs (D:1)
  A leopard gecko (D:2)
  An orc (D:3)
  5 giant cockroaches
  5 goblins
  6 hobgoblins
  4 jackals
  9 kobolds
  5 bats
  A frilled lizard (D:2)
  4 rats (D:1)
52 creatures vanquished.

Notes
Turn   | Place    | Note
-------+----------+-------------------------------------------
     0 | D:1      | sveltemanboy the Tengu Conjurer began the quest for the Orb.
     0 | D:1      | Reached XP level 1. HP: 10/10 MP: 4/4
   229 | D:1      | Reached XP level 2. HP: 15/15 MP: 1/6
   444 | D:1      | Reached skill level 1 in Short Blades
   444 | D:1      | Reached skill level 6 in Conjurations
   502 | D:1      | Reached XP level 3. HP: 19/19 MP: 5/7
   571 | D:1      | Learned a level 2 spell: Searing Ray
  1110 | D:2      | Found a hazy altar of Hepliaklqana.
  1120 | D:2      | Found a bloodstained altar of Trog.
  1389 | D:2      | Reached XP level 4. HP: 24/24 MP: 4/8
  1587 | D:2      | Found a hide-covered altar of Uskayaw.
  2122 | D:3      | Reached skill level 7 in Conjurations
  2191 | D:3      | Found a blossoming altar of Fedhas.
  2285 | D:3      | Slain by a gnoll

Skill      XL: |  1  2  3  4 |
---------------+-------------+-----
Short Blades   | 1 2 |  2.1
Conjurations   | 6 7 |  7.4
Dodging        | |  2.1
Stealth        | |  2.0
Spellcasting   | |  2.0

Action                   |  1- 3 |  4- 6 || total
-------------------------+-------+-------++-------
Melee: Short sword       |    27 |    19 ||    46
       Kick              |     5 |     3 ||     8
       Peck              |     7 |     4 ||    11
 Cast: Magic Dart        |    41 |    22 ||    63
       Searing Ray       |     1 |     2 ||     3
  Use: Scroll            |     2 |       ||     2
 Stab: Sleeping          |     4 |     2 ||     6
  Eat: Bread ration      |     1 |       ||     1
       Chunk             |     2 |     3 ||     5
Armor: Robe              |     2 |     5 ||     7
Dodge: Dodged            |    12 |     7 ||    19
